 Dungeon Crawl Stone Soup version 0.22-a0-307-g2b15929 (webtiles) character file.

92 sankara the Chiller (level 4, -8/27 HPs)
             Began as an Octopode Ice Elementalist on Apr 1, 2018.
             Killed by nerve-wracking pain
             ... invoked by Grinder
              (11 damage)
             ... on level 3 of the Dungeon.
             The game lasted 00:11:00 (3170 turns).

sankara the Chiller (Octopode Ice Elementalist)     Turns: 3170, Time: 00:11:00

Health: -8/27      AC:  5    Str:  7    XL:     4   Next: 60%
Magic:  0/8        EV: 19    Int: 18    God:
Gold:   124        SH:  0    Dex: 17    Spells: 1/9 levels left

rFire    . . .     SeeInvis .   k - -3 spear (curse)
rCold    . . .     Gourm    .   (no shield)
rNeg     . . .     Faith    .   (helmet restricted)
rPois    .         Spirit   .   (no amulet)
rElec    .         Reflect  .   e - +4 ring of protection
rCorr    .         Harm     .   (no ring)
MR       .....                  (no ring)
Stlth    ++++......             (no ring)
HPRegen  0.09/turn              (no ring)
MPRegen  0.11/turn              (no ring)
                                (no ring)
                                (no ring)

@: agile
A: almost no armour, stealthy swim, amphibious, 8 rings, constrict 8, camouflage
1, gelatinous body 1
a: no special abilities


You were on level 3 of the Dungeon.
You were not hungry.

You visited 1 branch of the dungeon, and saw 3 of its levels.

You collected 124 gold pieces.

Inventory:

Hand Weapons
 a - a +0 whip
   (You took it off a kobold on level 1 of the Dungeon)
 b - a +0 hunting sling
   (You found it on level 1 of the Dungeon)
 k - a cursed -3 spear (weapon)
   (You found it on level 1 of the Dungeon)
Missiles
 h - 44 stones (quivered)
Jewellery
 d - an uncursed ring of teleportation {+/*tele, !d}
   (You found it on level 2 of the Dungeon)
 e - a +4 ring of protection (left tentacle)
   (You found it on level 3 of the Dungeon)
Scrolls
 c - 3 scrolls of identify
 f - 4 scrolls of amnesia
 j - a scroll of random uselessness {unknown}
 m - a scroll of teleportation
Potions
 l - a potion of agility
Comestibles
 g - 5 rations
 i - 2 chunks of flesh {@w0}


   Skills:
 - Level 2.0 Dodging
 - Level 2.8 Stealth
 + Level 3.3 Spellcasting
   Level 1.0 Conjurations
 + Level 0.0 Charms
 + Level 0.0 Summonings
 + Level 4.2 Ice Magic


You had one spell level left.
You knew the following spells:

 Your Spells              Type           Power        Failure   Level  Hunger
a - Freeze                Ice            ###.         2%          1    None
b - Ozocubu's Armour      Chrm/Ice       ##......     21%         3    ###....
c - Summon Ice Beast      Ice/Summ       ##......     54%         4    ####...


Dungeon Overview and Level Annotations

Branches:
Dungeon (3/15)

Altars:
Ashenzari
Qazlal
Ru

Annotations:
D:2 exclusion: Sigmund, Sigmund
D:3 Grinder


Innate Abilities, Weirdness & Mutations

You cannot wear most types of armour.
You are very stealthy in the water. (Stealth+)
You are amphibious.
You can wear up to eight rings at the same time.
You can use your tentacles to constrict eight enemies at once.
Your skin changes colour to match your surroundings (Stealth+).
Your rubbery body absorbs attacks. (AC +1, EV +1)


Message History

Press: ? - help, Shift-Dir - straight line, f/p - Grinder
Aim: Grinder (lightly wounded)
You shoot a stone. The stone hits Grinder.
Grinder is lightly wounded.
Firing (i - inventory)
h - 47 stones (quivered)
Press: ? - help, Shift-Dir - straight line, f/p - Grinder
Aim: Grinder (lightly wounded)
You shoot a stone. The stone completely misses Grinder.
Firing (i - inventory)
h - 46 stones (quivered)
Press: ? - help, Shift-Dir - straight line, f/p - Grinder
Aim: Grinder (lightly wounded)
You shoot a stone.
The stone hits Grinder but does no damage.
Grinder is lightly wounded.
Grinder gestures at you.
You barely resist.
Firing (i - inventory)
h - 45 stones (quivered)
Press: ? - help, Shift-Dir - straight line, f/p - Grinder
Aim: Grinder (lightly wounded)
You shoot a stone. The stone hits Grinder.
Grinder is lightly wounded.
Casting: Freeze (safe; 2% risk of failure)
Confirm with . or Enter, or press ? or * to list all spells.
Aiming: Freeze (safe; 2% risk of failure)
Press: ? - help, Shift-Dir - straight line, f/p - Grinder
Aim: Grinder (lightly wounded)
You freeze Grinder.
Grinder completely resists.
Grinder is lightly wounded.
Grinder closely misses you.
Casting: Freeze (safe; 2% risk of failure)
Confirm with . or Enter, or press ? or * to list all spells.
Aiming: Freeze (safe; 2% risk of failure)
Press: ? - help, Shift-Dir - straight line, f/p - Grinder
Aim: Grinder (lightly wounded)
You freeze Grinder.
Grinder completely resists.
Grinder is lightly wounded.
Grinder barely misses you.
Casting: Freeze (safe; 2% risk of failure)
Confirm with . or Enter, or press ? or * to list all spells.
Aiming: Freeze (safe; 2% risk of failure)
Press: ? - help, Shift-Dir - straight line, f/p - Grinder
Aim: Grinder (lightly wounded)
You freeze Grinder.
Grinder resists.
Grinder is lightly wounded.
Grinder barely misses you.
Casting: Freeze (safe; 2% risk of failure)
Confirm with . or Enter, or press ? or * to list all spells.
Aiming: Freeze (safe; 2% risk of failure)
Press: ? - help, Shift-Dir - straight line, f/p - Grinder
Aim: Grinder (lightly wounded)
You freeze Grinder.
Grinder resists.
Grinder is lightly wounded.
Grinder gestures at you.
You suddenly lose the ability to move!
Grinder blinks!
Grinder gestures at you.
You barely resist. Grinder hits you!
You writhe in agony.
You can move again.
Casting: Freeze (safe; 2% risk of failure)
Confirm with . or Enter, or press ? or * to list all spells.
A film of ice covers your body! Grinder hits you.
Casting: Ozocubu's Armour (safe; 21% risk of failure)
Confirm with . or Enter, or press ? or * to list all spells.
Aiming: Freeze (safe; 2% risk of failure)
Press: ? - help, Shift-Dir - straight line, f/p - Grinder
Aim: Grinder (lightly wounded)
You freeze Grinder.
Grinder completely resists.
Grinder is lightly wounded.
Grinder barely misses you.
Casting: Freeze (safe; 2% risk of failure)
Confirm with . or Enter, or press ? or * to list all spells.
Aiming: Freeze (safe; 2% risk of failure)
Press: ? - help, Shift-Dir - straight line, f/p - Grinder
Aim: Grinder (lightly wounded)
You freeze Grinder.
Grinder resists.
Grinder is lightly wounded.
Grinder misses you.
Casting: Freeze (safe; 2% risk of failure)
Confirm with . or Enter, or press ? or * to list all spells.
You don't have enough magic to cast that spell.
Unknown command.
Wield which item (- for none, * to show all)? (? for menu, Esc to quit)
It sticks to your tentacle!
k - a cursed -3 spear (weapon)
Okay, then.
You hit Grinder. Your grab misses Grinder.
Grinder is lightly wounded.
Grinder barely misses you. Grinder gestures at you.
Pain shoots through your body!
* * * LOW HITPOINT WARNING * * *
Your icy armour cracks and falls away as you move.
Grinder gestures at you. Pain shoots through your body!
* * * LOW HITPOINT WARNING * * *
You feel agile all of a sudden. Grinder gestures at you.
Pain shoots through your body!
You die...

#.####.####.#
#...........# #+#(..
######.#######...(.
##..........#...(# #
####.....##.##.#..(.#.#
+........##....+......#
###......##.####(.....#
#......##.####5.....#
#......##...@.......#
###############.....#
###.#


You could see Grinder.

Vanquished Creatures
  3 adders (D:2)
  4 worms (D:2)
  2 leopard geckos
  3 orcs (D:3)
  A giant cockroach (D:1)
  5 hobgoblins
  3 jackals (D:3)
  6 kobolds
  A ball python (D:2)
  9 bats
  3 frilled lizards
  4 goblins
  5 rats
49 creatures vanquished.

Notes
Turn   | Place    | Note
-------+----------+-------------------------------------------
     0 | D:1      | sankara the Octopode Ice Elementalist began the quest for the Orb.
     0 | D:1      | Reached XP level 1. HP: 11/11 MP: 3/3
    11 | D:1      | HP: 1/11 [kobold/whip (4)]
   634 | D:1      | Reached XP level 2. HP: 15/17 MP: 5/5
  1405 | D:2      | Reached XP level 3. HP: 21/21 MP: 4/6
  1438 | D:2      | Noticed Sigmund
  1444 | D:2      | Learned a level 3 spell: Ozocubu's Armour
  2015 | D:2      | Reached skill level 3 in Spellcasting
  2015 | D:2      | Reached XP level 4. HP: 27/27 MP: 4/8
  2141 | D:2      | Found a shattered altar of Ashenzari.
  2213 | D:2      | Reached skill level 4 in Ice Magic
  2872 | D:3      | Found a stormy altar of Qazlal.
  3070 | D:3      | Learned a level 4 spell: Summon Ice Beast
  3103 | D:3      | Found a sacrificial altar of Ru.
  3148 | D:3      | Noticed Grinder
  3158 | D:3      | Paralysed by Grinder for 6 turns
  3168 | D:3      | HP: 3/27 [Grinder/nerve-wracking pain (10)]
  3170 | D:3      | Killed from afar by Grinder

Vault maps used:
D:1:      minmay_arrival_split_and_join, minmay_misc_feat_iff
D:2:      ashenzari_altar_1, uniq_sigmund
D:3:      lemuel_crystal_altar, nicolae_ru_sacrificial_ziggurat,
          minmay_distorted, uniq_grinder

Skill      XL: |  1  2  3  4 |
---------------+-------------+-----
Spellcasting   | 3 |  3.3
Ice Magic      | 4 |  4.2
Dodging        | |  2.0
Stealth        | |  2.8
Conjurations   | |  1.0

Action                   |  1- 3 |  4- 6 || total
-------------------------+-------+-------++-------
Melee: Whip              |     4 |       ||     4
       Spear             |       |     1 ||     1
 Fire: Hunting sling     |    44 |    55 ||    99
 Cast: Freeze            |    36 |    26 ||    62
       Ozocubu's Armour  |     2 |     1 ||     3
  Use: Scroll            |       |     5 ||     5
       Potion            |       |     1 ||     1
  Eat: Chunk             |     4 |     3 ||     7
Armor: Skin              |     6 |     2 ||     8
Dodge: Dodged            |    35 |    15 ||    50

Table legend:
 A = Spawn XP
 B = Non-spawn XP
 C = Spawn XP percentage of total XP
 D = Spawn monster count
 E = Non-spawn monster count
 F = Spawn count percentage of total count
 G = Total turns spent on level
                    A         B        C        D         E        F      G
               +---------+---------+-------+---------+---------+-------+---------
         Total |       0 |     132 |   0.0 |       0 |      49 |   0.0 |  3170
               +---------+---------+-------+---------+---------+-------+---------
           D:1 |       0 |      31 |   0.0 |       0 |      18 |   0.0 |  1387
           D:2 |       0 |      81 |   0.0 |       0 |      21 |   0.0 |  1347
           D:3 |       0 |      20 |   0.0 |       0 |      10 |   0.0 |   436
               +---------+---------+-------+---------+---------+-------+---------

Vault maps used:
D:1:      minmay_arrival_split_and_join, minmay_misc_feat_iff
D:2:      ashenzari_altar_1, uniq_sigmund
D:3:      lemuel_crystal_altar, nicolae_ru_sacrificial_ziggurat,
          minmay_distorted, uniq_grinder

Table legend:
 A = Turns spent in this place as a percentage of turns spent in the entire game.
 B = Non-inter-level travel turns spent in this place as a percentage of non-inter-level travel turns spent in the entire game.
 C = Inter-level travel turns spent in this place as a percentage of turns spent in this place.
 D = Turns resting spent in this place as a percentage of non-inter-level travel turns spent in this place.
 E = Turns spent auto-exploring this place as a percentage of non-inter-level travel turns spent in this place.
 F = Non-inter-level travel turns spent in this place divided by the number of levels of this place that you've seen.
                   A       B       C       D       E      F
               +-------+-------+-------+-------+-------+----------------------
         Total | 100.0 | 100.0 |   3.3 |  30.6 |  54.5 | 1021.3
       Dungeon | 100.0 | 100.0 |   3.3 |  30.6 |  54.5 | 1021.3
               +-------+-------+-------+-------+-------+----------------------

Table legend:
 A = Kills in this place as a percentage of kills in entire the game.
 B = Kills by you in this place as a percentage of kills by you in the entire game.
 C = Kills by friends in this place as a percentage of kills by friends in the entire game.
 D = Other kills in this place as a percentage of other kills in the entire game.
 E = Experience gained in this place as a percentage of experience gained in the entire game.
 F = Experience gained in this place divided by the number of levels of this place that you have seen.
                   A       B       C       D       E      F
               +-------+-------+-------+-------+-------+----------------------
         Total | 100.0 | 100.0 |   N/A |   N/A | 100.0 |  44.0
       Dungeon | 100.0 | 100.0 |   N/A |   N/A | 100.0 |  44.0
               +-------+-------+-------+-------+-------+----------------------
